 Dungeon Crawl Stone Soup version 0.27-a0-1137-g3ef0f4ec91 (webtiles) character file.

Game seed: 17463594281344433507

106 leviel the Ruffian (level 4, -2/44 HPs)
             Began as a Troll Fighter on May 7, 2021.
             Slain by an orc
             ... wielding a +0 falchion
              (5 damage)
             ... on level 3 of the Dungeon.
             The game lasted 00:03:24 (1756 turns).

leviel the Ruffian (Troll Fighter)                  Turns: 1756, Time: 00:03:25

Health: -2/44      AC:  5    Str: 23 (25) XL:     4   Next: 55%
Magic:  3/3        EV: 12    Int:  2 (4)  God:
Gold:   59         SH:  8    Dex:  8 (9)  Spells: 3/3 levels left

rFire    . . .     SeeInvis .     - Unarmed
rCold    . . .     Faith    .   b - +0 kite shield
rNeg     . . .     Spirit   .   a - +0 robe
rPois    .         Reflect  .   (helmet restricted)
rElec    .         Harm     .   n - +0 cloak
rCorr    .         Rampage  .   (gloves unavailable)
Will     .....                  (boots unavailable)
Stlth    +.........             (no amulet)
HPRegen  1.14/turn              i - +4 ring of evasion
MPRegen  0.08/turn              (no ring)

@: no status effects
A: large, unfitting armour, claws 3, regeneration 1, shaggy fur 1, tough skin 1
a: no special abilities


You were on level 3 of the Dungeon.
You visited 1 branch of the dungeon, and saw 3 of its levels.

You collected 59 gold pieces.

Inventory:

Hand Weapons
 m - a +0 triple crossbow
Missiles
 k - 8 javelins (quivered)
Armour
 a - a +0 robe (worn)
 b - a +0 kite shield (worn)
 n - a +0 cloak (worn)
Jewellery
 i - a +4 ring of evasion (left claw)
Scrolls
 d - a scroll of magic mapping {unknown}
 f - 4 scrolls of identify {unknown}
 h - a scroll of fog {unknown}
 j - 2 scrolls of teleportation {unknown}
Potions
 c - a potion of might
 g - a potion of curing
 l - a potion of mutation {unknown}


   Skills:
 + Level 2.6 Fighting
 + Level 0.7 Throwing
 + Level 3.0 Dodging
 + Level 0.1 Stealth
 + Level 3.0 Shields
 + Level 3.1 Unarmed Combat


You had 3 spell levels left.
You didn't know any spells.
Your spell library contained the following spells:

 Spells                   Type           Power      Damage    Failure   Level
 Animate Skeleton         Necr           0%         N/A       93%         1
 Apportation              Tloc           0%         N/A       93%         1
 Corona                   Hex            0%         N/A       93%         1
 Summon Small Mammal      Summ           0%         N/A       93%         1
 Sublimation of Blood     Necr           0%         N/A       98%         2
 Ignite Poison            Fire/Tmut/Pois 0%         N/A       100%        3
 Petrify                  Tmut/Erth      0%         N/A       100%        4
 Alistair's Intoxication  Tmut/Pois      0%         N/A       100%        5
 Irradiate                Conj/Tmut      0%         3d13      100%        5
 Eringya's Noxious Bog    Tmut/Pois      0%         N/A       100%        6


Dungeon Overview and Level Annotations

Branches:
Dungeon (3/15)

Altars:
Cheibriados


Innate Abilities, Weirdness & Mutations

You are too large for most types of armour.
You have claws for hands.
Your natural rate of healing is unusually fast.
You are covered in fur. (AC +1)
You have tough skin. (AC +1)


Message History

The orc priest is moderately wounded.
You feel sick.
You are no longer poisoned.
Something hits you. The adder bites you. You block the orc's attack.
The orc hits you but does no damage. You block the orc priest's attack.
Something hits you. The adder barely misses you.
You scratch the orc priest.
The orc priest is heavily wounded.
You block the orc's attack. The orc barely misses you.
The adder closely misses you.
The orc priest hits you but does no damage.
Something barely misses you.
You claw the orc priest!
You kill the orc priest!
The adder bites you.
You are poisoned.
The adder poisons you! The orc misses you. You block the orc's attack.
Something hits you.
* * * LOW HITPOINT WARNING * * *
You block the adder's attack. The orc barely misses you. x2
Your Dodging skill increases to level 3!
Your Shields skill increases to level 3!
Your Unarmed Combat skill increases to level 3!
It was a potion of degeneration.
There was something very wrong with that liquid.
You feel weakened.
You feel dopey.
You feel clumsy.
You feel sick. The adder bites you.
* * * LOW HITPOINT WARNING * * *
You are more poisoned.
The adder poisons you! Something hits you.
* * * LOW HITPOINT WARNING * * *
The orc misses you. The orc hits you with a +0 falchion.
* * * LOW HITPOINT WARNING * * *
It was a potion of curing.
You feel better. You block the adder's attack.
You hear some strange, mumbled words.
A puff of flame appears from out of thin air!
The puff of flame hits you.
* * * LOW HITPOINT WARNING * * *
The orc hits you with a +0 falchion.
You die...

###### #....# #....#
#### #....###########
#... #.....[........#
#...
###...o).........####...
#.....S@................
#...##{o................
#... ##########.........
#.o. #........# #...
#........# #...
#........# #...
#........# #...
#........# #........#


You could see an adder and 2 orcs.

Vanquished Creatures
  An orc priest (D:3)
  2 adders (D:2)
  2 worms (D:3)
  2 dart slugs
  An orc (D:3)
  3 endoplasms
  3 giant cockroaches
  4 goblins
  4 hobgoblins
  7 jackals
  4 kobolds
  4 ball pythons
  2 bats (D:2)
  2 frilled lizards
  4 rats
45 creatures vanquished.

Notes
Turn   | Place    | Note
-------+----------+-------------------------------------------
     0 | D:1      | leviel the Troll Fighter began the quest for the Orb.
     0 | D:1      | Reached XP level 1. HP: 22/22 MP: 0/0
   230 | D:1      | Found a faded altar of an unknown god.
   265 | D:1      | Reached XP level 2. HP: 29/29 MP: 1/1
   979 | D:2      | Reached XP level 3. HP: 36/36 MP: 2/2
  1569 | D:3      | Found a snail-covered altar of Cheibriados.
  1661 | D:3      | Reached XP level 4. HP: 44/44 MP: 3/3
  1755 | D:3      | HP: 2/44 [orc/+0 falchion (4)]
  1756 | D:3      | Slain by an orc

Illustrated notes

Levels and vault maps discovered:
D:1:      dpeg_arrival_water_fire, layout_loops_ring,
          ebering_ecumenical_altar_mist, hangedman_decor_clover_reticule,
          minmay_misc_feat_rugged, chequers_serial_rivers_room_a,
          serial_bayou_pond_e
D:2:      layout_basic, roderic_serpentine_path, minmay_misc_feat_chi
D:3:      layout_basic, cheibrodos_worm_habitat, minmay_checkerbox,
          uniq_grinder, uniq_jessica

Skill      XL: |  1  2  3  4 |
---------------+-------------+-----
Dodging        | 3 |  3.0
Shields        | 3 |  3.0
Unarmed Combat | 3 |  3.1
Fighting       | |  2.6
Throwing       | |  0.7
Stealth        | |  0.1

Action                   |  1- 3 |  4- 6 || total
-------------------------+-------+-------++-------
Melee: Unarmed           |   105 |    18 ||   123
Throw: Javelin           |    16 |       ||    16
  Use: Potion            |       |     2 ||     2
 Stab: Sleeping          |     1 |       ||     1
Armor: Robe              |    41 |    11 ||    52
Dodge: Dodged            |    46 |    20 ||    66
Block: Kite shield       |    54 |    18 ||    72

Table legend: (Time is in decaauts)
 A = Elapsed time spent in this place.
 B = Non-inter-level travel time spent in this place.
 C = Inter-level travel time spent in this place.
 D = Time resting spent in this place.
 E = Time spent auto-exploring this place.
 F = Levels seen in this place.
 G = Mean time per level.
                   A        B        C        D        E       F      G
               +--------+--------+--------+--------+--------+-----+--------+
         Total |   1800 |   1686 |    114 |      0 |   1353 |   3 |  600.0 |
       Dungeon |   1800 |   1686 |    114 |      0 |   1353 |   3 |  600.0 |
               +--------+--------+--------+--------+--------+-----+--------+

Top non-repeatable levels by time:
     D:1: 895 daAuts
     D:2: 643 daAuts
     D:3: 262 daAuts
